 Dungeon Crawl Stone Soup version 0.29.0-5-ge4962eb29e (webtiles) character file.

Game seed: 12288432567016176343

30 sanka the Gusty (level 3, 24/24 HPs)
             Began as a Merfolk Air Elementalist on Aug 28, 2022.
             Was a Follower of the Shining One.
             Quit the game on level 1 of the Dungeon.
             The game lasted 00:02:25 (1363 turns).

sanka the Gusty (Merfolk Air Elementalist)          Turns: 1363, Time: 00:02:26

Health: 24/24      AC:  3    Str:  8    XL:     3   Next: 20%
Magic:  6/6        EV: 12    Int: 16    God:    the Shining One [*.....]
Gold:   59         SH:  0    Dex: 14    Spells: 3/6 levels left

rFire   . . .      SeeInvis .   d - +0 dagger
rCold   . . .      Faith    .   (no shield)
rNeg    . . .      Spirit   .   a - +0 robe
rPois   +          Reflect  .   (no helmet)
rElec   .          Harm     .   (no cloak)
rCorr   .          Rampage  .   e - +0 pair of gloves
Will    .....                   (no boots)
Stlth   +.........              (no amulet)
HPRegen 0.08/turn               (no ring)
MPRegen 0.10/turn               c - ring of poison resistance

@: glowing
A: (nimble swimmer 2), mertail
a: Renounce Religion, Divine Shield


You were on level 1 of the Dungeon.
You worshipped the Shining One.
The Shining One was aware of your devotion.
You visited 1 branch of the dungeon, and saw 1 of its levels.

You collected 59 gold pieces.


Innate Abilities, Weirdness & Mutations

((You are very nimble when in or above water. (Stealth+, EV+, Speed+++)))
Your lower body shifts to a powerful aquatic tail in water.


   Skills:
 - Level 2.6 Dodging
 - Level 2.1 Stealth
 - Level 2.0 Spellcasting
 + Level 1.7 Conjurations
 + Level 3.0 Air Magic


You had 3 spell levels left.
You knew the following spells:

 Your Spells              Type           Power      Damage    Failure   Level
z - Shock                 Conj/Air       36%        1d5       8%          1
Z - Static Discharge      Conj/Air       9%         3-5/arc   12%         2

Your spell library contained the following spells:

 Spells                   Type           Power      Damage    Failure   Level
 Swiftness                Air            11%        N/A       19%         3
 Airstrike                Air            5%         2d(1-17)  52%         4

Inventory:

Hand Weapons
 d - a +0 dagger (weapon)
Armour
 a - a +0 robe (worn)
 e - a +0 pair of gloves (worn)
Jewellery
 c - a ring of poison resistance (right hand)
Potions
 b - a potion of magic
 f - 2 potions of curing {unknown}

Dungeon Overview and Level Annotations

Branches:
Dungeon (1/15)

Altars:
The Shining One

▒.▒ ▒.▒ ▒.▒ ▒.▒▒▒▒▒▒▒
▒.▒ ▒.......▒ ▒.▒
▒▒▒▒▒▒▒.▒
▒.▒▒▒▒▒▒▒▒▒▒▒▒▒▒▒.▒
▒.................▒
▒▒▒▒.▒▒▒▒▒▒▒▒▒▒▒▒▒▒▒▒
▒^▒...............
▒m▒▒▒▒▒▒▒▒▒▒▒▒▒▒▒▒
▒▒▒


There were no monsters in sight!


Message History

Found 15 gold pieces.
You now have 45 gold pieces (gained 15).
Found 14 gold pieces.
You now have 59 gold pieces (gained 14).
As you open the door, it creaks loudly!
Found a faded altar of an unknown god.
You open the door.
There is an open door here.
You open the door.
There is an open door here.
You open the door.
Found a stone.
A hobgoblin comes into view.
The zap hits the hobgoblin.
The hobgoblin is moderately wounded.
The hobgoblin shouts!
The zap hits the hobgoblin.
The hobgoblin is almost dead.
The zap hits the hobgoblin.
You kill the hobgoblin!
Search for what [? for help]? altar
There is an open door here.
There is a shaft here.
There is a faded altar of an unknown god here.
You cannot tell which god this altar belongs to.
Convert to them anyway?
The Shining One accepts your prayer! The Shining One welcomes you!
You and your allies can now gain power from killing the unholy and evil.
You can now call upon the Shining One for a divine shield.
Are you sure you want to abandon this character and quit the game? (Confirm with "yes".)

Action                   || total
-------------------------++-------
Melee: Unarmed           ||     3
       Dagger            ||    21
       Tailslap          ||     3
 Cast: Shock             ||    43
Armor: Robe              ||     8
Dodge: Dodged            ||    31

Levels and vault maps discovered:
D:1:      minmay_arrival_plants_in_alcoves, layout_basic,
          hellmonk_ecumenical_altar_leap_of_faith, chequers_serial_rivers_marsh,
          kennysheep_doodads, minmay_surrounded

Notes
Turn   | Place    | Note
-------+----------+-------------------------------------------
     0 | D:1      | sanka the Merfolk Air Elementalist began the quest for the
                  | Orb.
     0 | D:1      | Reached XP level 1. HP: 13/13 MP: 3/3
    90 | D:1      | Reached skill level 1 in Conjurations
   142 | D:1      | Reached XP level 2. HP: 18/19 MP: 0/5
   195 | D:1      | Learned a level 2 spell: Static Discharge
   643 | D:1      | Reached XP level 3. HP: 6/24 MP: 0/6
   886 | D:1      | Reached skill level 3 in Air Magic
  1229 | D:1      | Found a faded altar of an unknown god.
  1362 | D:1      | Prayed at the altar of an unknown god.
  1362 | D:1      | Became a worshipper of the Shining One
  1362 | D:1      | Reached * piety under the Shining One
  1363 | D:1      | Quit the game

Vanquished Creatures
  A dart slug (D:1)
  An endoplasm (D:1)
  2 goblins (D:1)
  3 hobgoblins (D:1)
  2 jackals (D:1)
  A quokka (D:1)
  5 ball pythons (D:1)
  5 bats (D:1)
  A frilled lizard (D:1)
  3 kobolds (D:1)
  A rat (D:1)
25 creatures vanquished.
